 Dungeon Crawl Stone Soup version 0.31-a0-188-g5e087ee2ca (webtiles) character file.

Game seed: 16543780304736911769

77 IdlyInterested the Trooper (level 4, -1/35 HPs)
             Began as a Demonspawn Fighter on June 23, 2023.
             Slain by Crazy Yiuf
             ... wielding a +3 quarterstaff of chaos
              (11 damage)
             ... on level 2 of the Dungeon.
             The game lasted 00:04:52 (2176 turns).

IdlyInterested the Trooper (Demonspawn Fighter)     Turns: 2176, Time: 00:04:53

Health: -1/35      AC: 15    Str: 16    XL:     4   Next: 13%
Magic:  4/4        EV:  5    Int:  9    God:
Gold:   45         SH:  5    Dex: 15    Spells: 3/3 levels left

rFire   . . .        a - +0 long sword
rCold   . . .        c - +0 buckler
rNeg    . . .        p - +0 plate armour
rPois   .            (helmet restricted)
rElec   .            g - +2 cloak
rCorr   .            h - +0 pair of gloves
SInv    .            (no boots)
Will    .....        (no amulet) Stlth
                     (no ring)
HPRegen 0.25/turn    (no ring)
MPRegen 0.09/turn

%: no passive effects
@: no status effects
A: horns 2, condensation shield
a: no special abilities


You were on level 2 of the Dungeon.
You visited 1 branch of the dungeon, and saw 3 of its levels.

You collected 45 gold pieces.

Inventory:

Hand Weapons
 a - a +0 long sword (weapon)
 d - a +0 dagger
Missiles
 b - 6 stones
 f - 9 poisoned darts (quivered)
Armour
 c - a +0 buckler (worn)
 g - a +2 cloak (worn)
 h - a +0 pair of gloves (worn)
 p - a +0 plate armour (worn)
Scrolls
 e - a scroll of enchant armour {unknown}
 i - a scroll of butterflies {unknown}
 k - a scroll of teleportation
 n - a scroll of revelation {unknown}
 o - a scroll of torment {unknown}
 q - a scroll of poison {unknown}
Potions
 j - a potion of curing {unknown}
 l - a potion of attraction
 m - a potion of mutation {unknown}


   Skills:
 - Level 3.0 Fighting
 + Level 2.8 Long Blades
 - Level 3.0 Armour
 * Level 2.3 Dodging
 - Level 2.6 Shields


You had 3 spell levels left.
You didn't know any spells.
Your spell library contained the following spells:

 Spells                   Type           Power      Damage    Failure   Level
 Dazzling Flash           Conj/Hex       0%         N/A       100%        3
 Agony                    Necr           0%         N/A       100%        5
 Silence                  Hex/Air        0%         N/A       100%        5


Dungeon Overview and Level Annotations

Branches:
Dungeon (3/15)

Altars:

Annotations:
D:2 Crazy Yiuf


Innate Abilities, Weirdness & Mutations

You have a pair of horns on your head.
A meltable shield of frost defends you. (SH +0)


Message History

q - a scroll labelled ONTOF DYATH
There is a stone staircase leading up here.
You climb upwards.
Level annotation: 1 runed translucent door, Crazy Yiuf
There is a stone staircase leading down here.
You see here a rat skeleton.
There is an escape hatch in the ceiling here.
A mysterious force pulls you upwards. The hatch slams shut behind you.
There is a stone staircase leading down here.
You climb downwards.
Level annotation: 1 runed translucent door, Crazy Yiuf
There is a stone staircase leading up here.
Crazy Yiuf shouts!
Okay, then.
You open the door.
Crazy Yiuf grits, "Snower chair song!"
You barely miss Crazy Yiuf.
Crazy Yiuf hits you with a +3 quarterstaff of chaos.
You resist with some effort.
You closely miss Crazy Yiuf.
Crazy Yiuf hits you with a +3 quarterstaff of chaos!
Crazy Yiuf freezes you.
You hit Crazy Yiuf.
You headbutt Crazy Yiuf, but do no damage.
Crazy Yiuf is lightly wounded.
Crazy Yiuf hits you with a +3 quarterstaff of chaos.
Your condensation shield dissipates!
Crazy Yiuf burns you.
Crazy Yiuf hits you with a +3 quarterstaff of chaos.
* * * LOW HITPOINT WARNING * * *
Crazy Yiuf burns you.
* * * LOW HITPOINT WARNING * * *
You closely miss Crazy Yiuf.
Crazy Yiuf is lightly wounded.
Crazy Yiuf says, "Rifle!"
You block Crazy Yiuf's attack.
You hit Crazy Yiuf. Your headbutt misses Crazy Yiuf.
Crazy Yiuf is moderately wounded.
Crazy Yiuf hits you with a +3 quarterstaff of chaos!
You die...

#.###....#
### #....#
###....#
#####
#.....[#
#..)#
###....#
#...# #....#
... #....#
#g# #.####
♣♣@♣ #.# ♣.♣♣
#.# ♣♣.♣ #.#
♣.♣♣ #.#
♣♣.♣♣ #.#
♣..P♣ #.#
♣...♣♣ #.#
#....# #.#
#....######.#


You could see Crazy Yiuf.

Vanquished Creatures
  Robin (D:2)
  3 worms (D:2)
  A dart slug (D:1)
  2 bats
  5 endoplasms
  A giant cockroach (D:1)
  10 goblins
  7 hobgoblins
  3 kobolds
  3 quokkas
  2 ball pythons
  5 frilled lizards
  7 rats
50 creatures vanquished.

Notes
Turn   | Place    | Note
-------+----------+-------------------------------------------
     0 | D:1      | IdlyInterested the Demonspawn Fighter began the quest for
                  | the Orb.
     0 | D:1      | Reached XP level 1. HP: 18/18 MP: 1/1
   263 | D:1      | Gained mutation: You have a pair of small horns on your
                  | head. [demonic ancestry]
   263 | D:1      | Reached XP level 2. HP: 24/24 MP: 2/2
   351 | D:1      | Reached skill level 1 in Dodging
  1069 | D:2      | Gained mutation: A meltable shield of frost defends you.
                  | (SH +0) [demonic ancestry]
  1069 | D:2      | Reached XP level 3. HP: 29/29 MP: 3/3
  1556 | D:2      | Noticed Robin
  1583 | D:2      | Killed Robin
  1706 | D:2      | Found a runed translucent door.
  1707 | D:2      | Noticed Crazy Yiuf
  1863 | D:2      | Gained mutation: You have a pair of horns on your head.
                  | [demonic ancestry]
  1863 | D:2      | Reached XP level 4. HP: 33/35 MP: 4/4
  2176 | D:2      | Slain by Crazy Yiuf

Illustrated notes

Levels and vault maps discovered:
D:1:      nzn_arrival_depleted_hourglass, layout_basic
D:2:      layout_basic, serial_corexii_hall, corexii_hall_statues_i,
          corexii_hall_statues_l, uniq_crazy_yiuf_cottage, uniq_robin
D:3:      layout_loops_ring, serial_shops, nicolae_shop_hallway_plus,
          chequers_serial_rivers_room_b, serial_park_tiny_1,
          kennysheep_small_spiral

Skill      XL: |  1  2  3 |
---------------+----------+-----
Long Blades    | 2 |  2.8
Armour         | 3 |  3.0
Dodging        | 1 2 |  2.3
Fighting       | |  3.0
Shields        | |  2.6

Action                     |  1- 3 |  4- 6 || total
---------------------------+-------+-------++-------
  Melee: Long sword        |   102 |    21 ||   123
         Headbutt          |    18 |     3 ||    21
    Use: Potion            |     2 |       ||     2
         Scroll            |     1 |       ||     1
 Armour: Scale mail        |    21 |       ||    21
         Chain mail        |    17 |       ||    17
         Plate armour      |     3 |     6 ||     9
  Dodge: Dodged            |    26 |       ||    26
  Block: Buckler           |    36 |     5 ||    41

Table legend: (Time is in decaauts)
 A = Elapsed time spent in this place.
 B = Non-inter-level travel time spent in this place.
 C = Inter-level travel time spent in this place.
 D = Time resting spent in this place.
 E = Time spent auto-exploring this place.
 F = Levels seen in this place.
 G = Mean time per level.
                   A        B        C        D        E       F      G
               +--------+--------+--------+--------+--------+-----+--------+
         Total |   2216 |   1876 |    340 |     59 |   1304 |   3 |  738.7 |
       Dungeon |   2216 |   1876 |    340 |     59 |   1304 |   3 |  738.7 |
               +--------+--------+--------+--------+--------+-----+--------+

Top non-repeatable levels by time:
     D:1: 1290 daAuts
     D:2: 917 daAuts
     D:3: 8 daAuts
